 Dungeon Crawl Stone Soup version 0.29-a0-96-g93358da72b (webtiles) character file.

Game seed: 15040630892515247853

51 siradein the Insei (level 3, -1/27 HPs)
             Began as a Merfolk Transmuter on Feb 11, 2022.
             Killed from afar by Sigmund (7 damage)
             ... with a magic dart
             ... on level 2 of the Dungeon.
             The game lasted 00:02:00 (2355 turns).

siradein the Insei (Merfolk Transmuter)             Turns: 2355, Time: 00:02:01

Health: -1/27      AC:  2    Str: 10    XL:     3   Next: 81%
Magic:  4/6        EV: 21    Int: 14    God:
Gold:   50         SH:  0    Dex: 19    Spells: 0/6 levels left

rFire   . . .      SeeInvis .     - Unarmed
rCold   . . .      Faith    .   (shield currently unavailable)
rNeg    . . .      Spirit   .   (armour currently unavailable)
rPois   x          Reflect  .   (helmet currently unavailable)
rElec   .          Harm     .   (cloak currently unavailable)
rCorr   .          Rampage  .   (gloves currently unavailable)
Will    .....                   (boots currently unavailable)
Stlth   ++........              (no amulet)
HPRegen 0.09/turn               (no ring)
MPRegen 0.10/turn               (no ring)

@: spider-form (expiring)
A: venomous fangs, tiny, (nimble swimmer 2), (mertail)
a: End Transformation


You were on level 2 of the Dungeon.
You were a venomous arachnid creature.
You visited 1 branch of the dungeon, and saw 2 of its levels.

You collected 50 gold pieces.

Inventory:

Armour
 a - a +0 robe (melded)
 k - a +0 pair of gloves (melded)
Scrolls
 b - 2 scrolls of enchant weapon {unknown}
 c - a scroll of amnesia {unknown}
 d - 2 scrolls of teleportation {unknown}
 f - a scroll of immolation {unknown}
 g - a scroll of identify {unknown}
 j - a scroll of vulnerability {unknown}
Potions
 e - a potion of lignification {unknown}
 h - a potion of resistance {unknown}
 i - a potion of degeneration {unknown}


   Skills:
 + Level 1.9 Fighting
 + Level 3.3 Dodging
 + Level 3.7 Unarmed Combat
 + Level 2.4 Spellcasting
 + Level 3.3 Transmutations
 + Level 0.1 Poison Magic


You couldn't memorise any spells.
You knew the following spells:

 Your Spells              Type           Power      Damage    Failure   Level
a - Beastly Appendage     Tmut           22%        N/A       17%         1
b - Wereblood             Tmut           11%        N/A       22%         2
c - Spider Form           Tmut/Pois      6%         N/A       56%         3

Your spell library contained the following spells:

 Spells                   Type           Power      Damage    Failure   Level
 Animate Skeleton         Necr           2%         N/A       43%         1
 Pain                     Necr           4%         1d4       43%         1
 Vampiric Draining        Necr           1%         2d6       77%         3
 Ice Form                 Ice/Tmut       6%         N/A       89%         4


Dungeon Overview and Level Annotations

Branches:
Dungeon (2/15)

Altars:

Annotations:
D:2 Sigmund


Innate Abilities, Weirdness & Mutations

You are a venomous arachnid creature.
You have poisonous fangs.
You are tiny and dextrous.
Your spellcasting is less reliable in this form.
Your armour is entirely melded.
You are incapable of wielding weapons or throwing items.
((You are very nimble when in or above water. (Stealth+, EV+, Speed+++)))
((Your lower body shifts to a powerful aquatic tail in water.))


Message History

The jackal skeleton closely misses you.
You hit the jackal skeleton.
You destroy the jackal skeleton!
No target in view!
No target in view!
d - 2 scrolls labelled KIS ATE WEUFRU (gained 1)
Your transformation is almost over.
Your horns disappear.
There is an open door here.
As you open the door, it creaks loudly!
You hear a shout!
Sigmund the Dreaded comes into view.
He is wielding a +2 scythe of freezing.
Sigmund casts a spell.
Sigmund flickers and vanishes!
Deactivating autopickup; reactivate with Ctrl-A.
There is an open door here.
There is an open door here.
Casting: Beastly Appendage (safe; 6% risk of failure)
Confirm with . or Enter, or press ? or * to list all spells.
The spell is extremely dangerous to miscast (34% risk of failure)!
Continue anyway?
You turn into a venomous arachnid creature.
Your +0 pair of gloves melds into your body.
Your +0 robe melds into your body.
You hear some strange, mumbled words.
A puff of flame appears from out of thin air!
The puff of flame hits you!
You miss something. Something completely misses you.
You hit something but do no damage. You barely miss something.
Something hits you but does no damage.
You barely miss something.
Your transformation is almost over.
Something hits you!
* * * LOW HITPOINT WARNING * * *
Something freezes you.
* * * LOW HITPOINT WARNING * * *
You barely miss something. You hit something.
Sigmund appears from thin air!
Reactivating autopickup.
Sigmund casts a spell at you. The magic dart hits you!
You die...

># ##...## #.# ##
##'## #{# #.# #.# #.#
#.# #######.## #.#
....##...## #.#
###.#.....# #.#
..#.##...###########.#
#.#.###.###.....s@...#
#...........##########
###.######### ###.#
....# #####


You could see Sigmund (very poisoned).

Vanquished Creatures
  An adder (D:2)
  A worm (D:2)
  A dart slug (D:1)
  6 ball pythons
  5 bats
  4 endoplasms
  2 giant cockroaches (D:1)
  A goblin (D:1)
  2 hobgoblins
  4 kobolds
  A quokka (D:1)
  A frilled lizard (D:2)
  A jackal skeleton (D:2)
  5 rats
35 creatures vanquished.

Notes
Turn   | Place    | Note
-------+----------+-------------------------------------------
     0 | D:1      | siradein the Merfolk Transmuter began the quest for the
                  | Orb.
     0 | D:1      | Reached XP level 1. HP: 15/15 MP: 3/3
   215 | D:1      | Reached XP level 2. HP: 17/21 MP: 1/5
   883 | D:1      | Reached XP level 3. HP: 10/26 MP: 3/6
  1136 | D:1      | Found a faded altar of an unknown god.
  1993 | D:2      | Learned a level 2 spell: Wereblood
  1997 | D:2      | Learned a level 3 spell: Spider Form
  2317 | D:2      | Noticed Sigmund
  2355 | D:2      | Killed from afar by Sigmund

Illustrated notes

Levels and vault maps discovered:
D:1:      dpeg_arrival_arbitrary_c, layout_loops_corners, serial_forest,
          infiniplex_forest_end_3, infiniplex_forest_straight_2,
          infiniplex_forest_lined_room_2, infiniplex_forest_lined_2,
          infiniplex_forest_lined_4_way, shapermc_ecumenical_altar_hornbeckon
D:2:      layout_loops_corners, uniq_sigmund

Skill      XL: |  1  2 |
---------------+-------+-----
Dodging        | 3 |  3.3
Transmutations | 3 |  3.3
Fighting       | |  1.9
Unarmed Combat | |  3.7
Spellcasting   | |  2.4
Poison Magic   | |  0.1

Action                   || total
-------------------------++-------
Melee: Unarmed           ||    93
       Punch             ||     3
       Headbutt          ||    11
 Cast: Beastly Appendage ||    25
       Spider Form       ||     1
 Stab: Sleeping          ||     1
Armor: Robe              ||    14
       Skin              ||     1
Dodge: Dodged            ||    49

Table legend: (Time is in decaauts)
 A = Elapsed time spent in this place.
 B = Non-inter-level travel time spent in this place.
 C = Inter-level travel time spent in this place.
 D = Time resting spent in this place.
 E = Time spent auto-exploring this place.
 F = Levels seen in this place.
 G = Mean time per level.
                   A        B        C        D        E       F      G
               +--------+--------+--------+--------+--------+-----+--------+
         Total |   2343 |   2280 |     63 |      0 |   1998 |   2 | 1171.5 |
       Dungeon |   2343 |   2280 |     63 |      0 |   1998 |   2 | 1171.5 |
               +--------+--------+--------+--------+--------+-----+--------+

Top non-repeatable levels by time:
     D:1: 1569 daAuts
     D:2: 773 daAuts
